 Dungeon Crawl Stone Soup version 0.27-a0-1281-ge233d83751 (webtiles) character file.

Game seed: 16216699897527874803

17537 angrypup the Nimble (level 12, 0/110 HPs)
             Began as a Minotaur Monk on June 13, 2021.
             Was a High Priest of Trog.
             Slain by a naga (1 damage)
             ... on level 3 of the Lair of Beasts.
             The game lasted 01:21:37 (13443 turns).

angrypup the Nimble (Minotaur Monk)                Turns: 13443, Time: 01:21:38

Health: 0/110      AC: 15    Str: 17    XL:     12   Next: 19%
Magic:  11/11      EV: 15    Int:  7    God:    Trog [*****.]
Gold:   433        SH:  0    Dex: 17    Spells: 11/11 levels left

rFire    . . .     SeeInvis .   M - +2 hand axe (spect)
rCold    . . .     Faith    .   (no shield)
rNeg     . . .     Spirit   .   W - +1 acid dragon scales
rPois    .         Reflect  .   (helmet restricted)
rElec    .         Harm     .   B - +0 cloak
rCorr    +         Rampage  .   (no gloves)
Will     +....     Rnd*Rage +   (no boots)
Stlth    +++.......             X - amulet of regeneration
HPRegen  1.28/turn              k - ring of willpower
MPRegen  0.12/turn              Q - +4 ring of protection

@: on berserk cooldown, slowed, constricted, very slow
A: horns 2, retaliatory headbutt, berserk 1
a: Renounce Religion, Berserk, Trog's Hand, Brothers in Arms


You were on level 3 of the Lair of Beasts.
You worshipped Trog.
Trog was extremely pleased with you.
You visited 3 branches of the dungeon, and saw 13 of its levels.

You collected 629 gold pieces.
You spent 196 gold pieces at shops.

Inventory:

Hand Weapons
 a - a +0 spear
 o - a +0 rapier of draining
 q - a +1 shortbow of freezing
 y - a +0 spear
 E - a +2 spear of pain
 M - a +2 spectral hand axe (weapon)
 O - a +0 hunting sling of freezing
 P - a +2 spectral quarterstaff
 T - a +5 falchion
 Z - a +6 vampiric dagger
Missiles
 D - a curare-tipped dart
 N - a throwing net
Armour
 f - a +2 robe of fire resistance
 p - a +1 ring mail
 B - a +0 cloak (worn)
 W - +1 acid dragon scales (worn)
Magical Staves
 x - a staff of conjuration
Jewellery
 g - an amulet of the acrobat
 k - a ring of willpower (left hand)
 I - an amulet of guardian spirit
 J - an amulet of magic regeneration
 Q - a +4 ring of protection (right hand)
 S - a ring of protection from fire
 V - an amulet of faith
 X - an amulet of regeneration (around neck)
 Y - a ring of flight
Wands
 i - a wand of acid (7)
 F - a wand of iceblast (9)
 K - a wand of flame (29)
Scrolls
 l - 4 scrolls of noise {unknown}
 r - 4 scrolls of teleportation {unknown}
 s - 3 scrolls of identify {unknown}
 t - 2 scrolls of summoning {unknown}
 u - a scroll of holy word {unknown}
 A - 3 scrolls of vulnerability {unknown}
 G - 2 scrolls of fog
 H - 2 scrolls of fear {unknown}
 U - a scroll of acquirement {unknown}
Potions
 b - 2 potions of might {unknown}
 c - 3 potions of lignification {unknown}
 j - 6 potions of curing
 m - a potion of magic {unknown}
 n - 4 potions of flight {unknown}
 v - a potion of resistance {unknown}
 z - a potion of degeneration {unknown}
 C - a potion of ambrosia {unknown}
 L - 2 potions of brilliance {unknown}


   Skills:
 + Level 11.3 Fighting
 * Level 4.0(8.8) Axes
 - Level 12.0(12.2) Polearms
 + Level 9.7 Armour
 + Level 12.4 Dodging
 + Level 5.0 Stealth


You had 11 spell levels left.
You didn't know any spells.
Your spell library contained the following spells:

 Spells                   Type           Power      Damage    Failure   Level
 Animate Skeleton         Necr           0%         N/A       52%         1
 Apportation              Tloc           0%         N/A       52%         1
 Beastly Appendage        Tmut           0%         N/A       52%         1
 Corona                   Hex            0%         N/A       52%         1
 Freeze                   Ice            0%         1d3       52%         1
 Summon Small Mammal      Summ           0%         N/A       52%         1
 Poisonous Vapours        Pois/Air       0%         N/A       65%         2
 Wereblood                Tmut           0%         N/A       65%         2
 Conjure Flame            Conj/Fire      0%         6-21      87%         3
 Frozen Ramparts          Ice            0%         1d2       87%         3
 Mephitic Cloud           Conj/Pois/Air  0%         N/A       87%         3
 Ozocubu's Armour         Ice            0%         N/A       87%         3
 Spider Form              Tmut/Pois      0%         N/A       87%         3
 Hailstorm                Conj/Ice       0%         3d3       99%         4
 Ice Form                 Ice/Tmut       0%         N/A       99%         4
 Bolt of Magma            Conj/Fire/Erth 0%         4d4       100%        5
 Freezing Cloud           Conj/Ice/Air   0%         6-21      100%        5
 Iskenderun's Battlesphe  Conj           0%         2d6       100%        5
 Metabolic Englaciation   Hex/Ice        0%         N/A       100%        5
 Iron Shot                Conj/Erth      0%         9d1       100%        6
 Orb of Destruction       Conj           0%         N/A       100%        7
 Spellforged Servitor     Conj/Summ      0%         N/A       100%        7


Dungeon Overview and Level Annotations

Branches:
Dungeon (9/15)             Temple (1/1) D:4            Lair (3/6) D:8
  Snake (0/4) Lair:3
  Swamp: Lair:2-4    Shoals: Lair:2-4       Orc: D:9-12

Altars:
Cheibriados
Dithmenos
Elyvilon
Fedhas
Gozag
Hepliaklqana
Kikubaaqudgha
Makhleb
Okawaru
Qazlal
Ru
Sif Muna
Trog
Uskayaw
Vehumet
Wu Jian

Shops:
D:6 !!


Innate Abilities, Weirdness & Mutations

You have a pair of horns on your head.
You reflexively headbutt those who attack you in melee.
You tend to lose your temper in combat.


Message History

The 11-headed hydra bites you but does no damage.
The 11-headed hydra bites you.
The 11-headed hydra bites you but does no damage.
The 11-headed hydra bites you! The 11-headed hydra bites you.
The 11-headed hydra bites you but does no damage. x2
The 11-headed hydra bites you.
You hit the naga but do no damage.
You headbutt the naga, but do no damage.
The naga is heavily wounded.
You hit the 11-headed hydra. The naga hits you with a +0 hand axe.
* * * LOW HITPOINT WARNING * * *
The naga constricts you.
The 11-headed hydra completely misses you. x2
The 11-headed hydra bites you but does no damage.
The 11-headed hydra bites you.
* * * LOW HITPOINT WARNING * * *
The 11-headed hydra barely misses you. x2; The 11-headed hydra bites you!
* * * LOW HITPOINT WARNING * * *
The 11-headed hydra bites you but does no damage.
The 11-headed hydra bites you.
* * * LOW HITPOINT WARNING * * *
The 11-headed hydra barely misses you. The 11-headed hydra misses you.
As you read the scroll labelled GEUBYNT KEORR, it crumbles to dust.
It is a scroll of brand weapon.
Your +2 hand axe of electrocution acquires a faint afterimage.
M - a +2 spectral hand axe (weapon)
The naga closely misses you. You furiously retaliate!
You headbutt the naga.
* * * LOW HITPOINT WARNING * * *
The naga constricts you. The 11-headed hydra misses you.
The 11-headed hydra bites you but does no damage. x3
The 11-headed hydra bites you!
* * * LOW HITPOINT WARNING * * *
The 11-headed hydra bites you but does no damage.
The 11-headed hydra barely misses you. The 11-headed hydra closely misses you.
The 11-headed hydra bites you but does no damage.
The 11-headed hydra closely misses you.
The 11-headed hydra bites you but does no damage.
The naga hits you with a +0 hand axe.
* * * LOW HITPOINT WARNING * * *
You die...

#... ..#.......#.. ##..#
#............ ...#
#.....>......
#..####.$..........
#..##..# .......#
##..#.P.### ......#
#.........###D..#
#...........@N.#
##.............# .....
#....#.####.### ....#
#.....## #..# ### ....##
#....## #..####.##.....#
#....# ##.............#
###.†..######............#
#P......P..#...........<.#
##.......................##


You could see a 11-headed hydra and a naga.

Vanquished Creatures
  3 hydras
  A two-headed ogre (D:9)
  Nergalle (Lair:1)
  2 black mambas
  Joseph (D:7)
  5 cane toads
  4 komodo dragons
  Prince Ribbit (D:5)
  A polar bear (Lair:2)
  11 blink frogs
  Sigmund (D:4)
  19 yaks
  2 wyverns
  3 basilisks
  Menkaure (D:4)
  2 nagas (Lair:3)
  An acid dragon (D:8)
  7 water moccasins
  2 orc warriors
  5 sky beasts
  2 black bears
  2 ice beasts (D:6)
  An ogre (D:5)
  A necrophage (D:6)
  3 centaurs
  2 phantoms (D:6)
  3 kobold brigands
  7 bullfrogs
  3 scorpions
  A wyvern skeleton (D:7)
  5 killer bees (D:8)
  3 wights
  7 howler monkeys (D:8)
  A bullfrog zombie (D:5)
  2 centaur zombies
  2 jellies
  A centaur skeleton (D:5)
  A gnoll shaman (D:6)
  3 orc priests
  A bullfrog skeleton (D:3)
  2 iguanas
  2 orc wizards
  3 gnolls (D:6)
  A howler monkey skeleton (D:5)
  7 adders
  An ufetubus (D:6)
  An adder skeleton (D:5)
  8 dart slugs
  16 orcs
  9 endoplasms
  3 giant cockroaches
  7 goblins
  11 hobgoblins
  7 jackals
  4 quokkas
  5 ball pythons
  4 bats
  10 kobolds
  6 rats
231 creatures vanquished.

Vanquished Creatures (collateral kills)
  A polar bear (Lair:1)
1 creature vanquished.

Vanquished Creatures (others)
  17 fungi
  16 plants
33 creatures vanquished.

Grand Total: 265 creatures vanquished

Notes
Turn   | Place    | Note
-------+----------+-------------------------------------------
     0 | D:1      | angrypup the Minotaur Monk began the quest for the Orb.
     0 | D:1      | Reached XP level 1. HP: 19/19 MP: 0/0
   374 | D:1      | Reached XP level 2. HP: 21/27 MP: 1/1
   934 | D:1      | Reached XP level 3. HP: 26/33 MP: 2/2
  1914 | D:2      | Reached skill level 1 in Armour
  2086 | D:2      | Reached XP level 4. HP: 39/40 MP: 3/3
  2100 | D:2      | Found a faded altar of an unknown god.
  2113 | D:2      | Became a worshipper of Trog the Wrathful
  2113 | D:2      | Reached * piety under Trog
  2113 | D:2      | Reached ** piety under Trog
  2756 | D:3      | Reached *** piety under Trog
  2811 | D:3      | Noticed a centaur
  2831 | D:3      | Killed a centaur
  2832 | D:3      | Reached skill level 5 in Polearms
  2832 | D:3      | Reached XP level 5. HP: 34/47 MP: 4/4
  3838 | D:4      | Reached XP level 6. HP: 22/53 MP: 5/5
  4088 | D:4      | Found a staircase to the Ecumenical Temple.
  4102 | D:4      | Noticed Sigmund
  4114 | D:4      | Killed Sigmund
  4115 | D:4      | Reached skill level 5 in Dodging
  4135 | Temple   | Entered the Ecumenical Temple
  4285 | D:4      | Noticed Menkaure
  4295 | D:4      | Killed Menkaure
  4296 | D:4      | Reached XP level 7. HP: 44/60 MP: 6/6
  5547 | D:4      | Found a radiant altar of Vehumet.
  5645 | D:5      | Entered Level 5 of the Dungeon
  5645 | D:5      | Noticed Prince Ribbit
  5780 | D:5      | Found a glowing drain.
  5810 | D:5      | Reached skill level 5 in Fighting
  5965 | D:5      | Found a hazy altar of Hepliaklqana.
  5973 | D:5      | Killed Prince Ribbit
  6189 | D:5      | Found a hide-covered altar of Uskayaw.
  6257 | D:5      | Reached XP level 8. HP: 64/68 MP: 7/7
  6268 | D:5      | Reached skill level 5 in Armour
  6368 | D:5      | Reached **** piety under Trog
  7099 | D:6      | Found Xasiut's Distillery.
  7102 | D:6      | Bought a potion of curing for 42 gold pieces
  7102 | D:6      | Bought a potion of curing for 42 gold pieces
  7102 | D:6      | Bought a potion of mutation for 112 gold pieces
  7104 | D:6      | Gained mutation: You tend to lose your temper in combat.
                  | [potion of mutation]
  7473 | D:6      | Found Ismec's Distillery.
  7536 | D:6      | Reached XP level 9. HP: 78/78 MP: 8/8
  8599 | D:7      | Noticed Joseph
  8622 | D:7      | Killed Joseph
  8623 | D:7      | Reached skill level 10 in Polearms
  8940 | D:7      | Found a blossoming altar of Fedhas.
  9264 | D:8      | Reached XP level 10. HP: 77/86 MP: 9/9
  9749 | D:8      | Found a sacrificial altar of Ru.
  9915 | D:8      | Found a shadowy altar of Dithmenos.
  9927 | D:8      | Noticed a two-headed ogre
  9966 | D:8      | HP: 4/88 [two-headed ogre (10)]
  9989 | D:9      | Killed a two-headed ogre
 10497 | D:8      | Found a radiant altar of Vehumet.
 10531 | D:8      | Found a snail-covered altar of Cheibriados.
 10608 | D:8      | Found a staircase to the Lair.
 10802 | Lair:1   | Entered Level 1 of the Lair of Beasts
 10802 | Lair:1   | Noticed Nergalle
 10823 | Lair:1   | Killed Nergalle
 10885 | Lair:1   | Noticed a cane toad
 10886 | Lair:1   | Noticed a cane toad
 10898 | Lair:1   | Killed a cane toad
 10907 | Lair:1   | Killed a cane toad
 11224 | Lair:1   | Reached XP level 11. HP: 97/97 MP: 10/10
 11233 | Lair:1   | Reached ***** piety under Trog
 11276 | Lair:1   | Reached skill level 10 in Dodging
 11598 | Lair:1   | Noticed a six-headed hydra
 11623 | Lair:1   | Killed a six-headed hydra
 11789 | Lair:1   | Noticed a seven-headed hydra
 11807 | Lair:1   | Killed a seven-headed hydra
 11808 | Lair:1   | Reached skill level 10 in Fighting
 12071 | Lair:1   | Noticed a four-headed hydra
 12928 | Lair:2   | Reached skill level 5 in Stealth
 12949 | Lair:2   | Noticed a seven-headed hydra
 12961 | Lair:2   | Killed an 11-headed hydra
 12962 | Lair:2   | Reached skill level 1 in Axes
 12962 | Lair:2   | Reached XP level 12. HP: 86/110 MP: 11/11
 13420 | Lair:3   | Found a staircase to the Snake Pit.
 13428 | Lair:3   | Noticed a six-headed hydra
 13443 | Lair:3   | HP: 5/110 [11-headed hydra (13)]
 13443 | Lair:3   | HP: 1/110 [naga (4)]
 13443 | Lair:3   | Slain by a naga

Illustrated notes

Levels and vault maps discovered:
D:1:      amcnicky_arrival_double_pillar, layout_basic
D:2:      layout_rooms, hellmonk_ecumenical_altar_prayer_group
D:3:      layout_rooms
D:4:      layout_gridville, kennysheep_mini,
          minmay_temple_entry_drinking_statues, uniq_sigmund, uniq_menkaure
D:5:      layout_loops_ring, marbit_many_paths, lemuel_doored_altar,
          gup_sewer_entry_glass, minmay_fountain_box, minmay_pentangle,
          uniq_prince_ribbit1
D:6:      layout_gridville, serial_shops, shop_statue, kennysheep_mini_moat
D:7:      layout_rooms, nicolae_overflow_crystal_walls, uniq_joseph
D:8:      layout_rooms, overflow_temple_1_default, cheibriados_altar_1,
          general_overflow_altar, nicolae_ru_sacrificial_ziggurat,
          dpeg_oklobed_lair, minmay_ruined_shrine
D:9:      layout_basic, old_standard_altar, overflow_temple_1_default
Temple:   cyrus_temple_forest
Lair:1:   layout_gridlike, grunt_megastairs_4, uniq_nergalle
Lair:2:   layout_concentric_octagons
Lair:3:   layout_chaotic_city, minmay_snake_entry_guardpost_small

Skill      XL: |  1  2  3  4  5  6  7  8  9 10 11 12 |
---------------+-------------------------------------+-----
Polearms       | 4 5 6 7 9 10 11 12 | 12.0
Fighting       | 4 5 6 7 9 11 | 11.3
Armour         | 1 2 3 4 6 7 9 |  9.7
Dodging        | 4 5 6 8 9 12 | 12.4
Stealth        | 2 3 4 5 |  5.0
Axes           | 1 4 |  4.0

Action                   |  1- 3 |  4- 6 |  7- 9 | 10-12 || total
-------------------------+-------+-------+-------+-------++-------
Melee: Spear             |    90 |   119 |   342 |   451 ||  1002
       Headbutt          |    13 |    31 |    63 |   141 ||   248
       Hand axe          |       |       |       |    59 ||    59
Invok: Trog's Hand       |       |     1 |     3 |     5 ||     9
       Berserk           |       |     2 |    16 |    14 ||    32
       Brothers in Arms  |       |       |       |     1 ||     1
  Use: Scroll            |       |     3 |       |     4 ||     7
       Potion            |       |     1 |     1 |     2 ||     4
 Stab: Sleeping          |     3 |     1 |     3 |     2 ||     9
Armor: Leather armour    |    10 |       |       |       ||    10
       Ring mail         |       |    24 |    73 |     7 ||   104
       Acid dragon scale |       |       |       |    99 ||    99
Dodge: Dodged            |    40 |    73 |   199 |   306 ||   618

Table legend: (Time is in decaauts)
 A = Elapsed time spent in this place.
 B = Non-inter-level travel time spent in this place.
 C = Inter-level travel time spent in this place.
 D = Time resting spent in this place.
 E = Time spent auto-exploring this place.
 F = Levels seen in this place.
 G = Mean time per level.
                   A        B        C        D        E       F      G
               +--------+--------+--------+--------+--------+-----+--------+
         Total |  13428 |  13220 |    208 |   5082 |   1858 |  13 | 1032.9 |
       Dungeon |  10737 |  10551 |    186 |   4322 |   1697 |   9 | 1193.0 |
        Temple |    103 |    103 |      0 |      0 |      0 |   1 |  103.0 |
          Lair |   2587 |   2565 |     22 |    760 |    161 |   3 |  862.3 |
               +--------+--------+--------+--------+--------+-----+--------+

Top non-repeatable levels by time:
     D:4: 1770 daAuts
     D:6: 1619 daAuts
     D:1: 1437 daAuts
     D:5: 1272 daAuts
  Lair:1: 1258 daAuts
     D:3: 1196 daAuts
     D:2: 1154 daAuts
  Lair:2: 1065 daAuts
     D:8: 1033 daAuts
     D:7: 828 daAuts
     D:9: 424 daAuts
  Lair:3: 263 daAuts
  Temple: 103 daAuts
